cohdb
Replays
Latest Replays
All Replays
Popular Replays
Top Player Replays
Match Explorer
How It Works
Community
CoH3 Stats
Reddit
Sign in to upload your games and track your stats! →
Sign in with Steam
Match 40151924
Unlisted
Match 40151924
Overview
Messages
Build Orders
End
Construct Section Command Post
Vickers Machine Gun Team
Selects Canadian Shock Battlegroup
Dingo Light Scout Car
Infantry Section
Infantry Section
Selects Attacking Spirit
Selects Canadian Shock Section
Grenade Package
Canadian Shock Section
Construct Platoon Command Post
CMP 15cwt Truck
Selects Incendiary Munitions
Selects Point Assault
6-pounder Anti-tank Gun Team
6-pounder Anti-tank Gun Team
Construct Company Command Post
Unlock M3 Grant Medium Tanks
Selects Pyrotechnics
Selects Demolition Engineering
M3 Grant Medium Tank
Armored Vehicle Training
Demolition Engineering
MajikMouse
Werner
Sir Culito
Narcotic Nurse Shark
Guernord
A Sassy Badger
Trans rights r human rights
Machine Gun Go BURRRRRRRRR
0
0
Comments
sign in to comment!
No comments posted yet!